 Dungeon Sprint DCSS version 0.22-a0-515-g75794bf (webtiles) character file.

135 raistware the Carver (level 4, -12/38 HPs)
             Began as a Draconian Fighter on June 19, 2018.
             Was a Follower of the Shining One.
             Mangled by a troll (13 damage)
             ... in the Dungeon (Sprint IX: "|||||||||||||||||||||||||||||").
             The game lasted 00:02:15 (215 turns).

raistware the Carver (Draconian Fighter)             Turns: 215, Time: 00:02:16

Health: -12/38     AC:  5    Str: 19    XL:     4   Next: 97%
Magic:  4/4        EV: 13    Int:  9    God:    the Shining One [*.....]
Gold:   0          SH:  9    Dex: 13    Spells: 3/3 levels left

rFire    . . .     SeeInvis .   n - +2 scimitar (flame)
rCold    . . .     Gourm    .   b - +0 shield
rNeg     . . .     Faith    .   (armour unavailable)
rPois    .         Spirit   .   (helmet restricted)
rElec    .         Reflect  .   (no cloak)
rCorr    .         Harm     .   (no gloves)
MR       .....     NoTele   +   (no boots)
Stlth    +.........             (no amulet)
HPRegen  0.12/turn              a - +3 ring of dexterity
MPRegen  0.09/turn              o - +2 ring of evasion

@: glowing
A: unfitting armour, cold-blooded, AC +5
a: Renounce Religion


You were in the Dungeon.
You worshipped the Shining One.
The Shining One was aware of your devotion.
You were not hungry.

You visited 1 branch

Inventory:

Hand Weapons
 n - a +2 scimitar of flaming (weapon)
Armour
 b - a +0 shield (worn)
Jewellery
 a - a +3 ring of dexterity (left hand)
 o - a +2 ring of evasion (right hand)
Wands
 m - a wand of acid (9)
Scrolls
 i - 3 scrolls of remove curse
 j - 2 scrolls of blinking
 l - 2 scrolls of amnesia
Potions
 c - a potion of might
 e - 5 potions of curing
 f - 3 potions of heal wounds
 g - a potion of haste
 h - 4 potions of magic
Comestibles
 d - a ration
 k - a chunk of flesh


   Skills:
 - Level 3.2 Fighting
 + Level 9.8 Long Blades
 + Level 3.4 Dodging
 - Level 3.0 Shields


You had 3 spell levels left.
You didn't know any spells.
Your spell library was empty.

Dungeon Overview and Level Annotations

Branches:
Dungeon (1/1)

Altars:
Cheibriados
Dithmenos
Elyvilon
Fedhas
Gozag
Hepliaklqana
Kikubaaqudgha
Makhleb
Nemelex Xobeh
Okawaru
Qazlal
Ru
Sif Muna
Trog
Uskayaw
Vehumet
Wu Jian
Xom
Yredelemnul
Zin
The Shining One
Beogh
Jiyva
Lugonu


Innate Abilities, Weirdness & Mutations

Your plain brown scales are hard. (AC +5)
You cannot fit into any form of body armour.
You are cold-blooded and may be slowed by cold attacks.


Message History

You block the troll's attack. The troll claws you!
The troll claws you but does no damage.
You slash the troll! You burn the troll.
The troll is heavily wounded.
The troll bites you. The troll claws you. The troll claws you!
* * * LOW HITPOINT WARNING * * *
You see here a +0 plate armour.
Evoke which item? (* to show all) (? for menu, Esc to quit)
Aiming: Corrosive Bolt
Press: ? - help, Shift-Dir - straight line, f - troll
Aim: a troll (heavily wounded, haloed)
The bolt of acid hits the troll.
The troll is splashed with acid.
The troll is almost dead.
The bolt of acid hits the worker ant.
The worker ant is splashed with acid.
You kill the worker ant!
Your Dodging skill increases to level 3!
The troll bites you.
* * * LOW HITPOINT WARNING * * *
The troll claws you!
You die... ▓▓▓▓▓▓▓▓▓▓▓▓▓▓▓▓▓▓▓▓▓▓▓▓▓▓▓ +...Wo)l.T@[[(|.!'_________ ▓▓▓▓▓▓▓▓▓▓▓▓▓▓▓▓▓▓▓▓▓▓▓▓▓▓▓

You could see a troll, a hungry ghost, an orc warrior and a leopard gecko.

Vanquished Creatures
  A centaur (D)
  An iguana (D)
  A worker ant (D)
  An adder zombie (D)
  A hobgoblin (D)
  2 kobolds (D)
  A frilled lizard (D)
  A jackal zombie (D)
  A leopard gecko skeleton (D)
  A leopard gecko zombie (D)
  A rat (D)
12 creatures vanquished.

Notes
Turn   | Place    | Note
-------+----------+-------------------------------------------
     0 | D        | raistware the Draconian Fighter began the quest for the Orb.
     0 | D        | Reached XP level 1. HP: 19/19 MP: 1/1
     9 | D        | Reached skill level 3 in Long Blades
    15 | D        | Reached skill level 4 in Long Blades
    23 | D        | Noticed an iguana
    41 | D        | Killed an iguana
    41 | D        | Reached skill level 6 in Long Blades
    41 | D        | Reached XP level 2. HP: 19/26 MP: 2/2
    41 | D        | Reached XP level 3. HP: 22/31 MP: 3/3
    52 | D        | Found a roughly hewn altar of Beogh.
    52 | D        | Found a snail-covered altar of Cheibriados.
    52 | D        | Found a shadowy altar of Dithmenos.
    52 | D        | Found a white marble altar of Elyvilon.
    52 | D        | Found a blossoming altar of Fedhas.
    52 | D        | Found an opulent altar of Gozag.
    53 | D        | Found a hazy altar of Hepliaklqana.
    54 | D        | Found a viscous altar of Jiyva.
    55 | D        | Found an ancient bone altar of Kikubaaqudgha.
    56 | D        | Found a corrupted altar of Lugonu.
    57 | D        | Found a burning altar of Makhleb.
    58 | D        | Found a sparkling altar of Nemelex Xobeh.
    59 | D        | Found an iron altar of Okawaru.
    60 | D        | Found a stormy altar of Qazlal.
    61 | D        | Found a sacrificial altar of Ru.
    62 | D        | Found a deep blue altar of Sif Muna.
    63 | D        | Found a bloodstained altar of Trog.
    64 | D        | Found a hide-covered altar of Uskayaw.
    65 | D        | Found a radiant altar of Vehumet.
    66 | D        | Found an ornate altar of the Wu Jian Council.
    67 | D        | Found a shimmering altar of Xom.
    68 | D        | Found a basalt altar of Yredelemnul.
    69 | D        | Found a glowing silver altar of Zin.
    70 | D        | Found a glowing golden altar of the Shining One.
    78 | D        | Became a worshipper of the Shining One
   201 | D        | Noticed a hungry ghost
   201 | D        | Noticed an orc warrior
   201 | D        | Reached * piety under the Shining One
   201 | D        | Noticed a troll
   201 | D        | Noticed a centaur
   208 | D        | Killed a centaur
   208 | D        | Reached skill level 9 in Long Blades
   208 | D        | Reached XP level 4. HP: 38/38 MP: 4/4
   215 | D        | HP: 1/38 [troll (3)]
   215 | D        | Mangled by a troll

Vault maps used:
D:        linesprint

Skill      XL: |  1  2  3  4 |
---------------+-------------+-----
Long Blades    | 6 9 |  9.8
Dodging        | 3 |  3.4
Fighting       | |  3.2
Shields        | |  3.0

Action                   |  1- 3 |  4- 6 || total
-------------------------+-------+-------++-------
Melee: Long sword        |    31 |       ||    31
       Tailslap          |     5 |     1 ||     6
       Scimitar          |     6 |     3 ||     9
Evoke: Wand              |       |     1 ||     1
  Use: Potion            |     1 |       ||     1
Armor: Skin              |     8 |     1 ||     9
Dodge: Dodged            |    16 |       ||    16
Block: Shield            |    14 |     2 ||    16
       Rpst.: Long sword |     4 |       ||     4

Table legend:
 A = Spawn XP
 B = Non-spawn XP
 C = Spawn XP percentage of total XP
 D = Spawn monster count
 E = Non-spawn monster count
 F = Spawn count percentage of total count
 G = Total turns spent on level
                    A         B        C        D         E        F      G
               +---------+---------+-------+---------+---------+-------+---------
         Total |       0 |     194 |   0.0 |       0 |      12 |   0.0 |   215
               +---------+---------+-------+---------+---------+-------+---------
             D |       0 |     194 |   0.0 |       0 |      12 |   0.0 |   215
               +---------+---------+-------+---------+---------+-------+---------
